cohdb
Replays
Latest Replays
All Replays
Popular Replays
Top Player Replays
Match Explorer
How It Works
Community
CoH3 Stats
Reddit
Sign in to upload your games and track your stats! →
Sign in with Steam
Match 41589354
Unlisted
Match 41589354
Overview
Messages
Build Orders
End
250 Light Carrier
Selects Italian Combined Arms Battlegroup
Selects Bersaglieri Squad
Panzergrenadier Squad
Panzergrenadier Squad
Kradschützen Motorcycle Team
Construct Light Support Kompanie
Selects Vehicle Support - Secure Location
2.5-tonne Medical Truck
Panzergrenadier Squad
Combat Half-tracks
Fire Support Elements
Advanced Field Repairs
Selects Vehicle Support - Force Recon
Tungsten Core Ammunition
Vehicle Survival Package
Selects Semovente da 75/18 Assault Gun
Semovente da 75/18 Assault Gun
Panzerjäger Mechanized Group
Frezinger
Sköll
Insomniac
pro
0
0
Comments
sign in to comment!
No comments posted yet!